 Dungeon Crawl Stone Soup version 0.30-a0-269-gf0224bf7b6 (webtiles) character file.

Game seed: 11520595536087593627

55 tilp the Cudgeller (level 4, -3/38 HPs)
             Began as a Meteoran Reaver on Oct 14, 2022.
             Slain by a gnoll
             ... wielding a +0 club
              (6 damage)
             ... on level 2 of the Dungeon.
             The game lasted 00:03:15 (499 turns).

tilp the Cudgeller (Meteoran Reaver)                 Turns: 499, Time: 00:03:15

Health: -3/38      AC:  4    Str: 13    XL:     4   Next: 36%
Magic:  9/9        EV: 12    Int: 17    God:
Gold:   5          SH:  0    Dex: 12    Spells: 8/9 levels left

rFire   . . .      SeeInvis .    a - +0 mace
rCold   . . .      Faith    .    (no shield)
rNeg    . . .      Spirit   .    b - +1 leather armour
rPois   .          Reflect  .    (no helmet)
rElec   .          Harm     .    (no cloak)
rCorr   .          Rampage  .    (no gloves)
Will    .....                    (no boots)
Stlth   +.........               (no amulet)
HPRegen 0.26/turn                (no ring)
MPRegen 0.11/turn                (no ring)

@: flying, glowing, invisible (but backlit and visible), unable to drink
A: sense surroundings 1, otherworldly, glowing, explore regen, mutation
resistance 1, inability to drink after injury 1
a: no special abilities


You were on level 2 of the Dungeon.
You visited 1 branch of the dungeon, and saw 2 of its levels.

You collected 5 gold pieces.

Inventory:

Hand Weapons
 a - a +0 mace (weapon)
 n - a +1 dagger of venom
Missiles
 g - 14 stones
Armour
 b - a +1 leather armour (worn)
 m - a +0 ring mail
Potions
 e - 2 potions of brilliance
 h - a potion of invisibility
 i - a potion of curing {unknown}
 j - a potion of cancellation {unknown}
 l - a potion of might {unknown}


   Skills:
 * Level 3.0 Fighting
 * Level 4.6 Maces & Flails
 + Level 2.9 Dodging
 - Level 3.0 Spellcasting
 - Level 4.0 Conjurations
 + Level 1.1 Necromancy


You had 8 spell levels left.
You knew the following spells:

 Your Spells              Type           Power      Damage    Failure   Level
a - Kiss of Death         Conj/Necr      44%        2d8       8%          1

Your spell library contained the following spells:

 Spells                   Type           Power      Damage    Failure   Level
 Momentum Strike          Conj/Tloc      18%        3d8       14%         2
 Hailstorm                Conj/Ice       9%         3d4       28%         3


Dungeon Overview and Level Annotations

Branches:
Dungeon (2/15) Zot: 681

Altars:


Innate Abilities, Weirdness & Mutations

You passively map a small area around you.
You are easily found by Zot.
You glow in the dark.
You regain HP and MP as you explore.
You are somewhat resistant to further mutation.
You occasionally lose the ability to drink potions when taking damage.


Message History

The gnoll hits you with a +0 club.
Your Fighting skill increases to level 3!
You hit the gnoll but do no damage. The gnoll hits you with a +0 club!
* * * LOW HITPOINT WARNING * * *
Unknown command.
You hit the gnoll.
The gnoll is moderately wounded.
The gnoll barely misses you.
Unknown command.
It was a potion of invisibility.
You become transparent, but the glow from your body prevents you from becoming completely invisible.
The gnoll hits you with a +0 club.
* * * LOW HITPOINT WARNING * * *
Unknown command.
You barely miss the gnoll.
The gnoll is moderately wounded.
The gnoll completely misses you.
You hit the gnoll.
The gnoll is heavily wounded.
The gnoll hits you with a +0 club.
* * * LOW HITPOINT WARNING * * *
A worm comes into view.
You closely miss the gnoll.
The gnoll is heavily wounded.
The gnoll hits you with a +0 club.
* * * LOW HITPOINT WARNING * * *
Unknown command.
You closely miss the gnoll.
The gnoll is heavily wounded.
The gnoll hits you but does no damage.
It was a potion of flight.
You feel very buoyant.
You fly up into the air.
The gnoll closely misses you.
Unknown command.
It was a potion of mutation.
You feel extremely strange.
You feel genetically stable.
You occasionally lose the ability to drink potions when taking damage.
The gnoll hits you with a +0 club.
You feel threatened and lose the ability to drink potions!
You die...

* , * * ##########
#........# #.######.#
* , #####.# * , ,
..##.######### , ,
#.##.##......### . * *
#@#.#....†.....# .# *
* #####g##.##.####.#.#
..## *
##...wgg.........#..#
.†<# *
.........#########.#.#
..##, , .##.####.#
#.#.# .. # #$# ##.#.##
.. ** ,, #.# #.....##
.. *,** #.# #.#.....
.. * * * #.# *
*#.......


You could see a worm and 3 gnolls.

Vanquished Creatures
  A gnoll (D:2)
  An adder (D:2)
  2 dart slugs (D:1)
  3 ball pythons (D:2)
  2 endoplasms (D:1)
  A giant cockroach (D:2)
  4 goblins
  3 hobgoblins
  4 jackals (D:2)
  2 bats
  4 frilled lizards
  2 kobolds (D:1)
  2 rats (D:1)
31 creatures vanquished.

Notes
Turn   | Place    | Note
-------+----------+-------------------------------------------
     0 | D:1      | tilp the Meteoran Reaver began the quest for the Orb.
     0 | D:1      | Reached XP level 1. HP: 17/17 MP: 5/5
    53 | D:1      | Reached XP level 2. HP: 16/25 MP: 6/6
    85 | D:2      | Reached XP level 3. HP: 17/28 MP: 5/8
   116 | D:1      | Found a faded altar of an unknown god.
   306 | D:1      | You fall into a shaft and drop 1 floor!
   367 | D:2      | Reached XP level 4. HP: 18/37 MP: 9/9
   423 | D:2      | Reached skill level 1 in Necromancy
   499 | D:2      | Gained mutation: You are somewhat resistant to further
                  | mutation. [potion of mutation]
   499 | D:2      | Gained mutation: You occasionally lose the ability to drink
                  | potions when taking damage. [potion of mutation]
   499 | D:2      | Slain by a gnoll

Illustrated notes

Levels and vault maps discovered:
D:1:      minmay_arrival_four_houses, layout_basic,
          hellmonk_ecumenical_altar_run_dry, minivault_27
D:2:      layout_loops_ring, uniq_jessica, uniq_terence

Skill      XL: |  1  2  3  4 |
---------------+-------------+-----
Spellcasting   | 3 |  3.0
Conjurations   | 4 |  4.0
Necromancy     | 1 |  1.1
Fighting       | 3 |  3.0
Maces & Flails | |  4.6
Dodging        | |  2.9

Action                   |  1- 3 |  4- 6 || total
-------------------------+-------+-------++-------
Melee: Mace              |    86 |    22 ||   108
 Cast: Kiss of Death     |     1 |       ||     1
  Use: Scroll            |       |     4 ||     4
       Potion            |       |     3 ||     3
Armor: Leather armour    |    42 |     3 ||    45
Dodge: Dodged            |    51 |    10 ||    61

Table legend: (Time is in decaauts)
 A = Elapsed time spent in this place.
 B = Non-inter-level travel time spent in this place.
 C = Inter-level travel time spent in this place.
 D = Time resting spent in this place.
 E = Time spent auto-exploring this place.
 F = Levels seen in this place.
 G = Mean time per level.
                   A        B        C        D        E       F      G
               +--------+--------+--------+--------+--------+-----+--------+
         Total |    517 |    517 |      0 |      0 |      0 |   2 |  258.5 |
       Dungeon |    517 |    517 |      0 |      0 |      0 |   2 |  258.5 |
               +--------+--------+--------+--------+--------+-----+--------+

Top non-repeatable levels by time:
     D:1: 283 daAuts
     D:2: 233 daAuts
